 Dungeon Crawl Stone Soup version 0.14-a0-1297-g3d87a2a (webtiles) character file.

4711 Daniel the Basher (level 10, -5/91 HPs)
             Began as a Minotaur Fighter on Dec 4, 2013.
             Was an Elder of Makhleb.
             Killed from afar by a guardian serpent (19 damage)
             ... with a bolt of poison
             ... on Level 11 of the Dungeon.
             The game lasted 00:25:03 (3976 turns).

Daniel the Basher (Minotaur Fighter)                Turns: 3976, Time: 00:25:03

HP  -5/91        AC 14     Str 25      XL: 10   Next: 14%
MP   6/6         EV  4     Int  5      God: Makhleb [****..]
Gold 278         SH 19     Dex  9      Spells:  0 memorised,  9 levels left

rFire  . . .     SeeInvis .     i - +3,+2 flail (curse)
rCold  . . .     Clarity  .     E - +0 orc plate armour
rNeg   . . .     Conserve +     c - +0 shield
rPois  .         rCorr    .     (helmet unavailable)
rElec  .         rRot     .     (no cloak)
SustAb . .       Spirit   .     (no gloves)
rMut   .         Warding  .     (no boots)
Saprov . . .     Stasis   .     x - cursed amulet of conservation
                                (no ring)
                                (no ring)

@: quite poisoned, very slightly contaminated, slowed, very slow, somewhat
resistant to hostile enchantments, extremely unstealthy
A: retaliatory headbutt, horns 3
a: Minor Destruction, Lesser Servant of Makhleb, Major Destruction, Renounce
Religion


You were on level 11 of the Dungeon.
You worshipped Makhleb.
Makhleb was greatly pleased with you.
You were full.

You visited 1 branch of the dungeon, and saw 12 of its levels.
You also visited: Ossuary.

You collected 278 gold pieces.

Inventory:

Hand weapons
 a - a +0,+0 mace
 i - a cursed +3,+2 flail (weapon)
 T - a +0 blowgun
 V - a cursed -3,-3 whip
Missiles
 e - 7 javelins (quivered)
 B - a throwing net
 C - 6 tomahawks
 Z - 3 silver tomahawks
Armour
 b - a cursed +0 scale mail
 c - a +0 shield (worn)
 E - a +0 orcish plate armour (worn)
Magical devices
 m - a wand of frost (18)
 t - a wand of polymorph (10)
 J - a wand of paralysis (6)
 M - a wand of fire (1)
 O - a wand of invisibility (4)
 Q - a wand of cold (2)
 R - a wand of magic darts (5)
 U - a wand of confusion (3)
 X - a wand of fireball (2)
Comestibles
 d - 6 bread rations
 k - 2 meat rations
 F - a choko
 W - a rotting chunk of orc flesh
 Y - 8 grapes
Scrolls
 f - a scroll of fear
 g - 2 scrolls of recharging
 h - 5 scrolls of teleportation
 n - 2 scrolls of remove curse
 o - 3 scrolls of random uselessness {unknown}
 r - 4 scrolls of immolation {unknown}
 s - 4 scrolls of enchant armour {unknown}
 H - a scroll of curse armour
 I - a scroll of enchant weapon II
 P - a scroll of amnesia
 S - a scroll of blinking
Jewellery
 x - a cursed amulet of conservation (around neck)
 z - a cursed ring of teleportation
Potions
 j - 2 potions of flight
 l - 2 potions of speed
 p - 2 potions of resistance
 q - 2 potions of brilliance
 u - a potion of lignification
 v - 3 potions of berserk rage
 A - 4 potions of heal wounds
 D - a potion of restore abilities
 G - a potion of magic
 L - a potion of might
 N - a potion of agility


   Skills:
 + Level 9.5 Fighting
 * Level 12.3 Maces & Flails
 + Level 9.5 Armour
 - Level 3.6 Shields
 * Level 1.8 Invocations


You had 9 spell levels left.
You didn't know any spells.

Dungeon Overview and Level Annotations

Branches:
Dungeon (12/16)
 Temple: D:4-7          Orc: D:9-12        Lair: D:8-11

Altars:
Kikubaaqudgha
Makhleb

Shops:
D:12 (


Innate Abilities, Weirdness & Mutations

You reflexively headbutt those who attack you in melee.
You have a pair of large horns on your head.


Message History

Zapping:
M - a wand of fire {zapped: 3}
Press: ? - help, Shift-Dir - straight line, f - guardian serpent, p - boring beetle
Aim: a guardian serpent (severely wounded)
The bolt of fire misses the guardian serpent.
The guardian serpent casts a spell at you.
You feel as though you will be slow longer.
The guardian serpent casts a spell at you.
The bolt of poison hits you!
You are poisoned.
* * * LOW HITPOINT WARNING * * *
The boring beetle bites you.
* * * LOW HITPOINT WARNING * * *
You hear a grinding noise.
The guardian serpent hits you but does no damage.
You miss the guardian serpent.
The guardian serpent is severely wounded.
The guardian serpent coils itself and waves its upper body at you.
The bolt of poison hits you!
You are more poisoned.
You die...

▒▒▒▒ ▒▒▒▒▒▒▒▒▒▒▒ ▒∙∙▒
▒∙∙∙∙∙∙∙∙∙▒
▒∙∙▒▒▒▒∙∙∙∙∙∙∙∙∙▒
▒∙∙∙∙∙∙∙∙∙∙∙∙∙∙∙▒
▒∙∙∙∙∙∙∙∙∙∙∙∙∙∙∙▒
▒∙∙∙∙▄∙∙∙∙∙∙∙∙∙∙▒
▒▒▒▒▒▒▒∙∙∙∙∙∙∙∙∙∙∙∙∙∙∙▒▒▒▒
▒∙∙∙∙∙∙∙∙∙∙∙∙∙∙∙∙∙∙∙∙∙∙∙∙∙
▒∙∙∙∙∙∙∙∙@∙∙∙∙∙∙∙∙∙∙∙∙∙∙∙∙
▒▒▒▒▒▒▒∙SB▒▒▒∙∙▒▒▒▒∙∙▒▒▒▒▒
▒∙∙▒▒ ▒∙∙▒ ▒∙∙▒ ▒ ▒∙∙▒
▒∙∙▒ ▒∙∙▒ ▒ ▒∙∙▒ ▒∙∙▒ ▒∙∙▒
▒ ▒∙∙▒ ▒∙∙▒ ▒∙∙▒ ▒ ▒∙∙∙▒
▒∙∙▒ ▒∙∙∙ ∙ ▒∙∙▒∙∙▒ ∙∙▒ ∙
∙ ▒∙▒▒∙∙▒


You could see a boring beetle and a guardian serpent.

Vanquished Creatures
  A hydra zombie (D:10)
  A komodo dragon (D:12)
  A griffon skeleton (D:12)
  Eustachio (D:5)
  2 hippogriffs
  2 vampire mosquitoes (D:12)
  A soldier ant (D:11)
  4 ice beasts
  3 orc warriors
  A black bear (D:8)
  2 centaurs
  2 big kobolds
  2 sky beasts
  An ogre (D:9)
  A water moccasin (D:9)
  3 giant frogs
  A troll zombie (D:11)
  A hippogriff zombie (D:5)
  A quasit (D:8)
  7 wights
  2 crimson imps
  3 orc priests
  A giant frog zombie (D:10)
  A jelly (D:9)
  2 scorpions
  A hound (D:5)
  4 worker ants
  3 iguanas
  An orc wizard (D:6)
  2 hound skeletons
  14 mummies
  An adder (D:12)
  A worm zombie (D:6)
  A giant mite (D:6)
  A white imp (D:5)
  A worm (D:10)
  A grey rat (D:5)
  A giant eyeball (D:10)
  3 giant geckos
  15 orcs
  A bat zombie (D:5)
  A giant cockroach (D:8)
  5 hobgoblins
  5 quokkas
  2 ball pythons (D:1)
  12 bats
  3 giant newts
  2 giant spores
  3 gnoll skeletons (Ossuary)
  7 goblins
  2 goblin skeletons
  A goblin zombie (D:5)
  3 jackals (D:10)
  17 kobolds
  4 kobold skeletons (Ossuary)
  An orc zombie (D:8)
  A quokka skeleton (D:5)
  17 rats
  11 rat skeletons (Ossuary)
  2 rat zombies
  4 ballistomycetes
201 creatures vanquished.

Notes
Turn   | Place    | Note
--------------------------------------------------------------
     0 | D:1      | Daniel, the Minotaur Fighter, began the quest for the Orb.
     0 | D:1      | Reached XP level 1. HP: 19/19 MP: 1/1
   127 | D:1      | Reached XP level 2. HP: 27/27 MP: 1/1
   245 | D:1      | Reached skill level 4 in Armour
   589 | D:4      | Reached XP level 3. HP: 12/33 MP: 2/2
  1001 | D:5      | Entered Level 5 of the Dungeon
  1056 | D:5      | Reached XP level 4. HP: 25/41 MP: 2/2
  1108 | D:5      | Noticed Eustachio
  1215 | D:6      | Noticed an orc warrior
  1222 | D:6      | Reached XP level 5. HP: 25/47 MP: 2/2
  1226 | D:6      | Reached skill level 5 in Maces & Flails
  1230 | D:6      | Killed an orc warrior
  1230 | D:6      | Reached skill level 5 in Fighting
  1230 | D:6      | Reached skill level 5 in Armour
  1396 | D:6      | Reached XP level 6. HP: 44/56 MP: 3/3
  1454 | D:6      | Found a burning altar of Makhleb.
  1464 | D:6      | Reached skill level 6 in Maces & Flails
  1494 | D:6      | Became a worshipper of Makhleb the Destroyer
  1634 | D:5      | Found a sand-covered staircase.
  1650 | Ossuary  | Entered an ossuary
  1783 | Ossuary  | Acquired Makhleb's first power
  1811 | Ossuary  | Reached XP level 7. HP: 56/62 MP: 3/3
  1902 | Ossuary  | Reached skill level 7 in Maces & Flails
  2089 | D:5      | Gained mutation: You have a pair of large horns on your head. [potion of beneficial mutation]
  2141 | D:5      | Noticed a centaur
  2150 | D:5      | Killed a centaur
  2275 | D:5      | Killed Eustachio
  2275 | D:5      | Reached skill level 8 in Maces & Flails
  2277 | D:5      | Acquired Makhleb's second power
  2422 | D:8      | Reached XP level 8. HP: 71/71 MP: 3/3
  2645 | D:8      | Reached skill level 9 in Maces & Flails
  2873 | D:8      | Gained mutation: You are agile. (Dex +2) [potion of mutation]
  2873 | D:8      | Gained mutation: You are robust (+10% HP). [potion of mutation]
  2873 | D:8      | Lost mutation: You are agile. (Dex +2) [potion of mutation]
  2874 | D:8      | Lost mutation: You are robust (+10% HP). [potion of mutation]
  2902 | D:9      | Reached skill level 10 in Maces & Flails
  2972 | D:9      | Reached XP level 9. HP: 81/81 MP: 4/4
  3104 | D:9      | Acquired Makhleb's third power
  3158 | D:10     | Entered Level 10 of the Dungeon
  3166 | D:10     | Reached skill level 11 in Maces & Flails
  3340 | D:10     | Paralysed by a giant eyeball for 3 turns
  3447 | D:10     | You fall through a shaft for 2 floors!
  3523 | D:12     | Reached skill level 12 in Maces & Flails
  3527 | D:12     | Acquired Makhleb's fourth power
  3567 | D:12     | Reached XP level 10. HP: 46/91 MP: 4/5
  3609 | D:12     | Found Oceane's Weapon Shop.
  3718 | D:10     | Reached skill level 1 in Invocations
  3913 | D:11     | Found an ancient bone altar of Kikubaaqudgha.
  3964 | D:11     | Noticed a guardian serpent
  3976 | D:11     | Killed from afar by a guardian serpent

Action                   |  1- 3 |  4- 6 |  7- 9 | 10-12 || total
-------------------------+-------+-------+-------+-------++-------
Melee: Mace              |    92 |   129 |   210 |       ||   431
       Flail             |       |       |   138 |    47 ||   185
Throw: Javelin           |       |       |     3 |       ||     3
Evoke: Wand              |     1 |     1 |    19 |     6 ||    27
  Use: Scroll            |     5 |     1 |     6 |     6 ||    18
       Potion            |     4 |     2 |     5 |     3 ||    14
 Stab: Fleeing           |       |       |     1 |       ||     1
